ESL (28 & UNDER)
NEWARK BULLDOGS @ BUFFALO LIGHTSABRES
09/13/2028
 
TOP OF THE 1ST
Newark Bulldogs batting - Pitching for Buffalo LightSabres : RHP Albert Colwill
Pitching: RHP Albert Colwill
Batting: LHB Gabriel MacNeill 0-0: Called Strike
0-1: Foul Ball, location: 2F
0-2: Ball
1-2: Foul Ball, location: 2F
1-2: Strikes out swinging
Batting: LHB Ángel Tuzzi 0-0: Ball
1-0: Ball
2-0: Ball
3-0: Base on Balls
Batting: RHB Michael Skinner 0-0: Ball
Balk!
Ángel Tuzzi to second
1-0: Ball
2-0: Ball
3-0: Base on Balls
Batting: RHB Perry Henry 0-0: Ball
Ángel Tuzzi steals 3rd base
Michael Skinner to second
1-0: Called Strike
1-1: Swinging Strike
1-2: 3-RUN HOME RUN (Flyball, 8RXD), Distance : 401 ft
Batting: RHB Larry Booth 0-0: Ball
1-0: Ball
2-0: Called Strike
2-1: Called Strike
2-2: Fly out, F8 (Flyball, 8RM)
Batting: LHB Wes Thompson 0-0: Swinging Strike
0-1: Ball
1-1: Ball
2-1: Foul Ball, location: 2F
2-2: Strikes out looking
Top of the 1st over - 3 run(s), 1 hit(s), 0 error(s), 0 left on base; Newark 3 - Buffalo 0
BOTTOM OF THE 1ST
Buffalo LightSabres batting - Pitching for Newark Bulldogs : LHP Pedro Orozco
Pitching: LHP Pedro Orozco
Batting: SHB Jason Mason 0-0: Ball
1-0: Ground out 6-3 (Groundball, 6)
Batting: LHB Leslie Adams 0-0: Called Strike
0-1: Ball
1-1: Ball
2-1: Ball
3-1: Base on Balls
Batting: LHB Garrett King 0-0: Ball
1-0: Called Strike
1-1: Ball
2-1: Foul Ball, location: 2F
2-2: Foul Ball, location: 2F
2-2: Foul Ball, location: 2F
2-2: Strikes out swinging
Batting: LHB Zack Payton 0-0: Called Strike
Leslie Adams steals 2nd base
0-1: Reached on error, E3 (Groundball, 34)
Leslie Adams to third
Batting: RHB Gabriel Ángel 0-0: Ball
1-0: Swinging Strike
1-1: Foul Ball, location: 2F
1-2: Foul Ball, location: 2F
1-2: Ball
2-2: Ball
3-2: Foul Ball, location: 2F
3-2: Foul Ball, location: 2F
3-2: Strikes out looking
Bottom of the 1st over - 0 run(s), 0 hit(s), 1 error(s), 2 left on base; Newark 3 - Buffalo 0
TOP OF THE 2ND
Newark Bulldogs batting - Pitching for Buffalo LightSabres : RHP Albert Colwill
Batting: LHB Jorge Hernández 0-0: DOUBLE (Line Drive, 7)
Batting: RHB Joe Baker 0-0: Ball
1-0: Foul Ball, location: 2F
1-1: Ball
2-1: Ball
3-1: Foul Ball, location: 2F
3-2: Base on Balls
Batting: LHB Paco Córdova 0-0: Ball
1-0: Ball
2-0: SINGLE (Groundball, 34S) (infield hit)
Jorge Hernández to third
Joe Baker to second
Batting: LHB Gabriel MacNeill 0-0: Ball
1-0: Called Strike
1-1: Swinging Strike
1-2: Ball
2-2: Strikes out swinging
Batting: LHB Ángel Tuzzi 0-0: Ball
1-0: Foul Ball, location: 2F
1-1: Foul Ball, location: 2F
1-2: Foul Ball, location: 2F
1-2: SINGLE (Groundball, 3D)
Jorge Hernández scores
Joe Baker to third
Paco Córdova to second
Batting: RHB Michael Skinner 0-0: Fly out, F8 (Flyball, 8LD)
Runner from 3rd tags up, SCORES, no throw
Batting: RHB Perry Henry 0-0: Called Strike
0-1: Foul Ball, location: 2F
0-2: SINGLE (Line Drive, 8RS)
Paco Córdova to third
Ángel Tuzzi to second
Runner from 3rd tries for Home, SAFE, no throw
Pitching: RHP Travis Whitney
Batting: RHB Larry Booth 0-0: Called Strike
0-1: Swinging Strike
0-2: Ball
1-2: Strikes out swinging
Top of the 2nd over - 3 run(s), 4 hit(s), 0 error(s), 2 left on base; Newark 6 - Buffalo 0
BOTTOM OF THE 2ND
Buffalo LightSabres batting - Pitching for Newark Bulldogs : LHP Pedro Orozco
Batting: RHB John Warren 0-0: Called Strike
0-1: Fly out, F8 (Flyball, 8RS)
Batting: RHB Mario Solís 0-0: Ball
1-0: Ball
2-0: Foul Ball, location: 2F
2-1: Ball
3-1: Fly out, F9 (Flyball, 9LS)
Batting: RHB Abraham Hardy 0-0: Ball
1-0: Swinging Strike
1-1: Ball
2-1: Foul Ball, location: 2F
2-2: Strikes out swinging
Bottom of the 2nd over - 0 run(s), 0 hit(s), 0 error(s), 0 left on base; Newark 6 - Buffalo 0
TOP OF THE 3RD
Newark Bulldogs batting - Pitching for Buffalo LightSabres : RHP Travis Whitney
Batting: LHB Wes Thompson 0-0: Fly out, F9 (Line Drive, 9S)
Batting: LHB Jorge Hernández 0-0: Ball
1-0: Ball
2-0: Called Strike
2-1: Foul Ball, location: 2F
2-2: Foul Ball, location: 2F
2-2: Foul Ball, location: 2F
2-2: Foul Ball, location: 2F
2-2: Hit by Pitch
Batting: RHB Joe Baker 0-0: Called Strike
0-1: Swinging Strike
0-2: Foul Ball, location: 2F
0-2: Ball
1-2: Strikes out swinging
Batting: LHB Paco Córdova 0-0: Ball
1-0: Ball
2-0: Swinging Strike
2-1: Called Strike
2-2: Ball
3-2: Base on Balls
Jorge Hernández to second
Batting: LHB Gabriel MacNeill 0-0: Foul Ball, location: 2F
0-1: Ball
1-1: Foul Ball, location: 2F
1-2: Foul Ball, location: 2F
1-2: Foul Ball, location: 2F
1-2: Ball
2-2: Fly out, F9 (Flyball, 89S)
Top of the 3rd over - 0 run(s), 0 hit(s), 0 error(s), 2 left on base; Newark 6 - Buffalo 0
BOTTOM OF THE 3RD
Buffalo LightSabres batting - Pitching for Newark Bulldogs : LHP Pedro Orozco
Batting: RHB Huub Stolk 0-0: Ball
1-0: Called Strike
1-1: Swinging Strike
1-2: Ball
2-2: Ball
3-2: Foul Ball, location: 2F
3-2: Base on Balls
Batting: SHB Jason Mason 0-0: Foul Ball, location: 2F
0-1: Ball
1-1: Grounds into double play, 5-4-3 (Groundball, 56)
Batting: LHB Leslie Adams 0-0: Ball
1-0: Foul Ball, location: 2F
1-1: Foul Ball, location: 2F
1-2: Foul Ball, location: 2F
1-2: Ball
2-2: Ball
3-2: Foul Ball, location: 2F
3-2: Base on Balls
Batting: LHB Garrett King 0-0: Ball
1-0: Ball
2-0: Called Strike
2-1: Fly out, F3 (Popup, 3L)
Bottom of the 3rd over - 0 run(s), 0 hit(s), 0 error(s), 1 left on base; Newark 6 - Buffalo 0
TOP OF THE 4TH
Newark Bulldogs batting - Pitching for Buffalo LightSabres : RHP Travis Whitney
Batting: LHB Ángel Tuzzi 0-0: Ground out 4-3 (Groundball, 4)
Batting: RHB Michael Skinner 0-0: SINGLE (Line Drive, 6D)
Batting: RHB Perry Henry 0-0: Ball
1-0: Ball
2-0: Ball
3-0: Called Strike
3-1: Swinging Strike
3-2: Base on Balls
Michael Skinner to second
Batting: RHB Larry Booth 0-0: Swinging Strike
0-1: SINGLE (Groundball, 4D)
Michael Skinner to third
Perry Henry to second
Runner from 3rd tries for Home, SAFE, no throw
Batting: LHB Wes Thompson 0-0: Called Strike
0-1: Ball
1-1: Called Strike
1-2: Ball
2-2: Ball
3-2: Strikes out swinging
Perry Henry steals 3rd base
Batter strikes out.
Larry Booth to second
Batting: LHB Jorge Hernández 0-0: Foul Ball, location: 2F
0-1: Ball
1-1: Foul Ball, location: 2F
1-2: Foul Ball, location: 2F
1-2: Strikes out swinging
Top of the 4th over - 1 run(s), 2 hit(s), 0 error(s), 2 left on base; Newark 7 - Buffalo 0
BOTTOM OF THE 4TH
Buffalo LightSabres batting - Pitching for Newark Bulldogs : LHP Pedro Orozco
Batting: LHB Zack Payton 0-0: Called Strike
0-1: Foul Ball, location: 2F
0-2: Ball
1-2: Ball
2-2: Strikes out looking
Batting: RHB Gabriel Ángel 0-0: Foul Ball, location: 2F
0-1: Ball
1-1: Foul Ball, location: 2F
1-2: Ball
2-2: Ball
3-2: Fly out, F9 (Flyball, 9S)
Batting: RHB John Warren 0-0: Fly out, F9 (Flyball, 89S)
Bottom of the 4th over - 0 run(s), 0 hit(s), 0 error(s), 0 left on base; Newark 7 - Buffalo 0
TOP OF THE 5TH
Newark Bulldogs batting - Pitching for Buffalo LightSabres : RHP Travis Whitney
Batting: RHB Joe Baker 0-0: Ball
1-0: Foul Ball, location: 2F
1-1: SINGLE (Groundball, 6MD)
Batting: LHB Paco Córdova 0-0: Swinging Strike
0-1: Ball
Wild Pitch!
Joe Baker to second
1-1: Swinging Strike
1-2: Ball
2-2: Ball
3-2: Strikes out swinging
Pitching: RHP Gavin Robbins
Batting: LHB Gabriel MacNeill 0-0: Ball
1-0: Called Strike
1-1: Ground out U3 (Groundball, 3)
Joe Baker to third
Batting: LHB Ángel Tuzzi 0-0: Called Strike
0-1: Ball
1-1: Ground out 4-3 (Groundball, 4S)
Top of the 5th over - 0 run(s), 1 hit(s), 0 error(s), 1 left on base; Newark 7 - Buffalo 0
BOTTOM OF THE 5TH
Buffalo LightSabres batting - Pitching for Newark Bulldogs : LHP Pedro Orozco
Batting: RHB Mario Solís 0-0: Ball
1-0: Ball
2-0: Called Strike
2-1: DOUBLE (Groundball, 3L)
Batting: RHB Abraham Hardy 0-0: DOUBLE (Line Drive, 78XD)
Mario Solís scores
Batting: RHB Huub Stolk 0-0: Called Strike
0-1: SINGLE (Groundball, 34D)
Abraham Hardy to third
Batting: SHB Jason Mason 0-0: Swinging Strike
0-1: Ball
1-1: Foul Ball, location: 2F
1-2: Ball
2-2: Fly out, F9 (Flyball, 9S)
Runner from 3rd tags up, SCORES, throw made
Batting: LHB Leslie Adams 0-0: Called Strike
0-1: Ball
1-1: Foul Ball, location: 2F
1-2: Ball
2-2: Reached on error, E1 (Groundball, P)
Huub Stolk to second
Batting: LHB Garrett King 0-0: Called Strike
0-1: Foul Ball, location: 2F
0-2: Ball
1-2: Ball
2-2: Strikes out swinging
Batting: LHB Zack Payton 0-0: Called Strike
0-1: Ball
1-1: Reached on error, E8 (Flyball, 8LM)
Huub Stolk scores
Leslie Adams to third
Pitching: RHP José Gonzáles
Batting: RHB Gabriel Ángel 0-0: Fly out, F9 (Flyball, 9S)
Bottom of the 5th over - 3 run(s), 3 hit(s), 2 error(s), 2 left on base; Newark 7 - Buffalo 3
TOP OF THE 6TH
Newark Bulldogs batting - Pitching for Buffalo LightSabres : RHP Gavin Robbins
Batting: RHB Michael Skinner 0-0: Ball
1-0: Ball
2-0: Called Strike
2-1: Called Strike
2-2: Foul Ball, location: 2F
2-2: Foul Ball, location: 2F
2-2: DOUBLE (Flyball, 78M)
Batting: RHB Perry Henry 0-0: Ball
1-0: Ball
2-0: Swinging Strike
2-1: Ball
3-1: SINGLE (Flyball, 89S)
Michael Skinner to third
Runner from 3rd tries for Home, SAFE, throw made home
Perry Henry to second
Batting: RHB Larry Booth 0-0: Fly out, F4 (Line Drive, 4)
Batting: LHB Wes Thompson 0-0: Ball
1-0: Called Strike
1-1: Foul Ball, location: 2F
1-2: Foul Ball, location: 2F
1-2: Strikes out swinging
Batting: LHB Jorge Hernández 0-0: Ground out 3-1 (Groundball, 34S)
Top of the 6th over - 1 run(s), 2 hit(s), 0 error(s), 1 left on base; Newark 8 - Buffalo 3
BOTTOM OF THE 6TH
Buffalo LightSabres batting - Pitching for Newark Bulldogs : RHP José Gonzáles
Batting: RHB John Warren 0-0: Called Strike
0-1: Swinging Strike
0-2: Ball
1-2: Ball
2-2: Ball
3-2: Foul Ball, location: 2F
3-2: Foul Ball, location: 2F
3-2: Strikes out swinging
Batting: RHB Mario Solís 0-0: Called Strike
0-1: Called Strike
0-2: Fly out, F2 (Popup, 2L)
Batting: RHB Abraham Hardy 0-0: Ball
1-0: Called Strike
1-1: Called Strike
1-2: Strikes out swinging
Bottom of the 6th over - 0 run(s), 0 hit(s), 0 error(s), 0 left on base; Newark 8 - Buffalo 3
TOP OF THE 7TH
Newark Bulldogs batting - Pitching for Buffalo LightSabres : RHP Gavin Robbins
Batting: RHB Joe Baker 0-0: Ball
1-0: Swinging Strike
1-1: Swinging Strike
1-2: Strikes out looking
Batting: LHB Paco Córdova 0-0: Called Strike
0-1: Fly out, F5 (Popup, 5L)
Batting: LHB Gabriel MacNeill 0-0: Called Strike
0-1: Ball
1-1: DOUBLE (Line Drive, 9LM)
Batting: LHB Ángel Tuzzi 0-0: Ball
1-0: Ball
2-0: Ball
3-0: Called Strike
3-1: Foul Ball, location: 2F
3-2: Base on Balls
Batting: RHB Michael Skinner 0-0: Called Strike
0-1: SINGLE (Groundball, 56D)
Gabriel MacNeill to third
Ángel Tuzzi to second
Runner from 3rd tries for Home, SAFE, no throw
Batting: RHB Perry Henry 0-0: Foul Ball, location: 2F
0-1: Foul Ball, location: 2F
0-2: Ball
1-2: Ball
2-2: Foul Ball, location: 2F
2-2: Ball
3-2: Foul Ball, location: 2F
3-2: Foul Ball, location: 2F
3-2: Base on Balls
Ángel Tuzzi to third
Michael Skinner to second
Batting: RHB Larry Booth 0-0: SINGLE (Flyball, 9LS)
Ángel Tuzzi scores
Michael Skinner to third
Perry Henry to second
Runner from 3rd tries for Home, SAFE, no throw
Pitching: LHP Mike O'Brien
Batting: LHB Wes Thompson 0-0: SINGLE (Line Drive, 4M)
Perry Henry to third
Larry Booth to second
Runner from 3rd tries for Home, SAFE, no throw
Batting: LHB Jorge Hernández 0-0: Ball
1-0: Ball
2-0: Fielders Choice at 2nd, 4-6 (Groundball, 4)
Top of the 7th over - 4 run(s), 4 hit(s), 0 error(s), 1 left on base; Newark 12 - Buffalo 3
BOTTOM OF THE 7TH
Buffalo LightSabres batting - Pitching for Newark Bulldogs : RHP José Gonzáles
Batting: RHB Huub Stolk 0-0: Ball
1-0: Ball
2-0: Ground out 5-3 (Groundball, 56D)
Batting: SHB Jason Mason 0-0: Ball
1-0: Ball
2-0: Called Strike
2-1: Ball
3-1: DOUBLE (Groundball, 3L)
Batting: LHB Leslie Adams 0-0: Ball
1-0: Ball
2-0: Called Strike
2-1: Ground out U3 (Groundball, 3)
Jason Mason to third
Batting: LHB Garrett King 0-0: Ball
1-0: Swinging Strike
1-1: Swinging Strike
1-2: Strikes out swinging
Bottom of the 7th over - 0 run(s), 1 hit(s), 0 error(s), 1 left on base; Newark 12 - Buffalo 3
TOP OF THE 8TH
Newark Bulldogs batting - Pitching for Buffalo LightSabres : LHP Mike O'Brien
Batting: RHB Joe Baker 0-0: Foul Ball, location: 2F
0-1: Swinging Strike
0-2: Ball
1-2: Strikes out swinging
Batting: LHB Paco Córdova 0-0: Called Strike
0-1: DOUBLE (Line Drive, 89XD)
Pinch Runner at 2nd Juan Martínez:
Batting: LHB Gabriel MacNeill 0-0: Ball
1-0: Ball
2-0: Foul Ball, location: 2F
2-1: Ball
3-1: Base on Balls
Batting: LHB Ángel Tuzzi 0-0: SINGLE (Groundball, 4D)
Juan Martínez to third
Gabriel MacNeill to second
Runner from 3rd tries for Home, SAFE, no throw
Batting: RHB Michael Skinner 0-0: Ball
1-0: Foul Ball, location: 2F
1-1: Swinging Strike
1-2: Ball
2-2: Foul Ball, location: 2F
2-2: Foul Ball, location: 2F
2-2: Foul Ball, location: 2F
2-2: Foul Ball, location: 2F
2-2: Strikes out swinging
Batting: RHB Perry Henry 0-0: Called Strike
0-1: Foul Ball, location: 2F
0-2: Ball
1-2: Strikes out looking
Top of the 8th over - 1 run(s), 2 hit(s), 0 error(s), 2 left on base; Newark 13 - Buffalo 3
BOTTOM OF THE 8TH
Buffalo LightSabres batting - Pitching for Newark Bulldogs : RHP José Gonzáles
Now at SS: Juan Martínez
Batting: LHB Zack Payton 0-0: Ball
1-0: Called Strike
1-1: Foul Ball, location: 2F
1-2: Ball
2-2: Foul Ball, location: 2F
2-2: Ball
3-2: Base on Balls
Pitching: RHP Roberto Cordero
Batting: RHB Gabriel Ángel 0-0: Ball
1-0: Ball
2-0: Foul Ball, location: 2F
2-1: Foul Ball, location: 2F
2-2: Grounds into double play, 6-4-3 (Groundball, 6)
Batting: RHB John Warren 0-0: Ball
1-0: SOLO HOME RUN (Flyball, 89XD), Distance : 393 ft
Batting: RHB Mario Solís 0-0: Called Strike
0-1: Ball
1-1: Ball
2-1: SINGLE (Flyball, 7S)
Batting: RHB Abraham Hardy 0-0: Ball
1-0: Foul Ball, location: 2F
1-1: Foul Ball, location: 2F
1-2: Strikes out swinging
Bottom of the 8th over - 1 run(s), 2 hit(s), 0 error(s), 1 left on base; Newark 13 - Buffalo 4
TOP OF THE 9TH
Newark Bulldogs batting - Pitching for Buffalo LightSabres : LHP Mike O'Brien
Batting: RHB Larry Booth 0-0: Ball
1-0: Called Strike
1-1: Foul Ball, location: 2F
1-2: Ball
2-2: Ball
3-2: Strikes out swinging
Batting: LHB Wes Thompson 0-0: Ground out 1-3 (Groundball, 13)
Batting: LHB Jorge Hernández 0-0: Ball
1-0: Ball
2-0: Ball
3-0: Called Strike
3-1: Ground out U3 (Groundball, 34)
Top of the 9th over - 0 run(s), 0 hit(s), 0 error(s), 0 left on base; Newark 13 - Buffalo 4
BOTTOM OF THE 9TH
Buffalo LightSabres batting - Pitching for Newark Bulldogs : RHP Roberto Cordero
Now at 2B: Stan Simpson
Batting: RHB Huub Stolk 0-0: Swinging Strike
0-1: Fly out, F8 (Line Drive, 8RM)
Batting: SHB Jason Mason 0-0: Foul Ball, location: 2F
0-1: Called Strike
0-2: Ball
1-2: Ground out U3 (Groundball, 34)
Batting: LHB Leslie Adams 0-0: Ball
1-0: Ball
2-0: Ball
3-0: Base on Balls
Batting: LHB Garrett King 0-0: Ball
1-0: Ball
2-0: Called Strike
2-1: Foul Ball, location: 2F
2-2: 2-RUN HOME RUN (Flyball, 9D), Distance : 379 ft
Batting: LHB Zack Payton 0-0: Ball
1-0: Ball
2-0: Ball
3-0: Called Strike
3-1: Foul Ball, location: 2F
3-2: Foul Ball, location: 2F
3-2: Foul Ball, location: 2F
3-2: Foul Ball, location: 2F
3-2: TRIPLE (Line Drive, 9LM)
Pitching: RHP Sam Mathis
Batting: RHB Gabriel Ángel 0-0: Called Strike
0-1: Ball
1-1: Foul Ball, location: 2F
1-2: Foul Ball, location: 2F
1-2: Ball
2-2: Ball
3-2: Base on Balls
Batting: RHB John Warren 0-0: Called Strike
0-1: Ball
1-1: Foul Ball, location: 2F
1-2: Ball
2-2: Foul Ball, location: 2F
2-2: Foul Ball, location: 2F
2-2: Ball
3-2: Base on Balls
Gabriel Ángel to second
Pinch Hitting: SHB Barrett Bowden 0-0: Ball
1-0: Foul Ball, location: 2F
1-1: Ball
2-1: Swinging Strike
2-2: Fly out, F8 (Flyball, 8RM)
Bottom of the 9th over - 2 run(s), 2 hit(s), 0 error(s), 3 left on base; Newark 13 - Buffalo 6
Tuesday, August 8th, 2017 - OOTP Baseball 17.12 Build 75